 Dungeon Crawl Stone Soup version 0.18.1-1-g2f07953 (webtiles) character file.

305 lightmor the Magician (level 6, 0/34 HPs)
             Began as a Deep Elf Wizard on May 8, 2016.
             Slain by a phantom (3 damage)
             ... on level 4 of the Dungeon.
             The game lasted 00:15:50 (4946 turns).

lightmor the Magician (Deep Elf Wizard)             Turns: 4946, Time: 00:15:51

Health: 0/34       AC:  4    Str:  3    XL:     6   Next: 15%
Magic:  2/15       EV: 13    Int: 25    God:
Gold:   115        SH:  0    Dex: 13    Spells: 5 memorised, 6 levels left

rFire  . . .     SeeInvis .     (no weapon)
rCold  . . .     Gourm    .     a - +0 robe
rNeg   . . .     Faith    .     (no shield)
rPois  .         Spirit   .     b - +0 hat
rElec  .         Dismiss  .     k - +1 cloak
rCorr  .         Reflect  .     t - +0 pair of gloves
SustAt .         Harm     .     (no boots)
MR     .....                    (no amulet)
Stlth  ++........               (no ring)
                                j - -6 ring of strength (curse)

@: mighty, slowed, lost strength, repel missiles, very slow, not resistant to
hostile enchantments, unstealthy
A: deformed body, low mp 1, sturdy frame 1
a: no special abilities


You were on level 4 of the Dungeon.
You were very hungry.

You visited 1 branch of the dungeon, and saw 4 of its levels.

You collected 115 gold pieces.

Inventory:

Hand Weapons
 h - a +0 club
Missiles
 i - 23 poisoned needles
Armour
 a - a +0 robe (worn)
 b - a +0 hat (worn)
 k - a +1 cloak (worn)
 t - a +0 pair of gloves (worn)
Jewellery
 j - a cursed -6 ring of strength (left hand)
Scrolls
 e - a scroll of fog
 r - 2 scrolls of magic mapping
Potions
 g - a potion of magic {unknown}
 l - a potion of ambrosia {unknown}
 m - a potion of heal wounds {unknown}
 o - a potion of curing {unknown}
 q - a potion of lignification {unknown}
 s - 2 potions of might
 u - 2 potions of cure mutation {unknown}
 v - a potion of flight {unknown}
Books
 c - a book of Minor Magic

   Spells                             Type                      Level
   a - Magic Dart                     Conjuration                  1
   b - Blink                          Translocation                2
   c - Call Imp                       Summoning                    2
   d - Repel Missiles                 Charms/Air                   2
   e - Slow                           Hexes                        2
   f - Conjure Flame                  Conjuration/Fire             3
   g - Mephitic Cloud                 Conjuration/Poison/Air       3
Comestibles
 d - 3 bread rations
 n - a meat ration


   Skills:
 + Level 1.4 Fighting
 + Level 3.7 Dodging
 - Level 2.4 Stealth
 - Level 6.2 Spellcasting
 + Level 4.3 Conjurations
 + Level 0.4 Charms
   Level 1.1 Summonings
 - Level 1.1 Translocations
 + Level 0.2 Fire Magic
 + Level 0.2 Air Magic


You had 6 spell levels left.
You knew the following spells:

 Your Spells              Type           Power        Failure   Level  Hunger
a - Magic Dart            Conj           ####         1%          1    None
b - Repel Missiles        Chrm/Air       #.....       12%         2    None
c - Mephitic Cloud        Conj/Pois/Air  ###.....     12%         3    None
d - Conjure Flame         Conj/Fire      ###.....     12%         3    None
e - Blink                 Tloc           N/A          10%         2    None


Dungeon Overview and Level Annotations

Branches:
Dungeon (4/15)
 Temple: D:4-7

Altars:
Cheibriados
Pakellas
Ru
Yredelemnul

Annotations:
D:4 Edmund, Sigmund


Innate Abilities, Weirdness & Mutations

Armour fits poorly on your strangely shaped body.
Your magical capacity is low (-10% MP).
Your movements are slightly less encumbered by armour (ER -2).


Message History

Edmund is engulfed in noxious fumes.
Edmund appears confused.
Something gibbers meaninglessly.
The phantom hits you but does no damage.
Casting: Mephitic Cloud
Confirm with . or Enter, or press ? or * to list all spells.
Aiming: Magic Dart
Press: ? - help, Shift-Dir - straight line, f/p - Edmund
Aim: Edmund, wielding a flail of protection and wearing a scale mail (noxious fumes, lightly wounded, confused, fleeing)
The magic dart hits the phantom.
The phantom is lightly damaged.
Edmund is engulfed in noxious fumes.
Something hits you!
You feel your power leaking away. The phantom hits you!
* * * LOW HITPOINT WARNING * * *
Edmund is engulfed in noxious fumes.
Drink which item? (? for menu, Esc to quit)
It was a potion of might.
You feel very mighty all of a sudden. The phantom hits you.
You die...

#.<........)... ###
#.W#####.######
...#..#####.######
#.#..............
#...........#####
###.######..#####
#..............
#.##########..............
...s....†@W@.#######.#####
#.############ #.# #.# ..#
#.# #.#


You could see Edmund (confused), a phantom and a scorpion (fleeing).

Vanquished Creatures
  A hound (D:4)
  An orc priest (D:4)
  2 orc wizards (D:3)
  A hound skeleton (D:3)
  5 adders
  A gnoll (D:1)
  2 oozes (D:1)
  3 worms
  5 giant geckos
  10 orcs
  3 ball pythons (D:3)
  9 bats
  3 giant cockroaches
  8 goblins
  11 hobgoblins
  4 jackals (D:2)
  5 quokkas
  4 giant newts
  8 kobolds
  8 rats
94 creatures vanquished.

Notes
Turn   | Place    | Note
--------------------------------------------------------------
     0 | D:1      | lightmor the Deep Elf Wizard began the quest for the Orb.
     0 | D:1      | Reached XP level 1. HP: 10/10 MP: 7/7
   527 | D:1      | Lost strength.
   646 | D:1      | Gained mutation: Your magical capacity is low (-10% MP). [potion of mutation]
   646 | D:1      | Gained mutation: Your movements are slightly less encumbered by armour (ER -2). [potion of mutation]
   646 | D:1      | Gained mutation: Armour fits poorly on your strangely shaped body. [potion of mutation]
   690 | D:1      | Reached XP level 2. HP: 15/15 MP: 6/8
   736 | D:1      | Learned a level 2 spell: Repel Missiles
  1182 | D:1      | Reached XP level 3. HP: 19/19 MP: 6/10
  1396 | D:1      | Learned a level 3 spell: Mephitic Cloud
  1923 | D:2      | Learned a level 3 spell: Conjure Flame
  2020 | D:2      | Reached XP level 4. HP: 24/24 MP: 6/11
  2103 | D:2      | Found an oddly glowing altar of Pakellas.
  2217 | D:2      | Learned a level 2 spell: Blink
  2285 | D:2      | Found a basalt altar of Yredelemnul.
  2758 | D:3      | Reached skill level 5 in Spellcasting
  3329 | D:3      | Reached XP level 5. HP: 23/28 MP: 3/13
  3482 | D:3      | Reached skill level 1 in Fighting
  3491 | D:3      | Found a sacrificial altar of Ru.
  3743 | D:3      | Found a snail-covered altar of Cheibriados.
  4398 | D:4      | Noticed a phantom
  4605 | D:3      | Reached skill level 6 in Spellcasting
  4854 | D:4      | Reached XP level 6. HP: 22/34 MP: 7/15
  4897 | D:4      | Noticed Edmund
  4934 | D:4      | Noticed Sigmund
  4946 | D:4      | Slain by a phantom

Skill      XL: |  1  2  3  4  5 |
---------------+----------------+-----
Conjurations   | 2 3 4 |  4.3
Dodging        | 3 |  3.7
Spellcasting   | 5 6 |  6.2
Fighting       | 1 |  1.4
Stealth        | |  2.4
Charms         | |  0.4
Summonings     | |  1.1
Translocations | |  1.1
Fire Magic     | |  0.2
Air Magic      | |  0.2

Action                   |  1- 3 |  4- 6 || total
-------------------------+-------+-------++-------
 Cast: Magic Dart        |    88 |   128 ||   216
       Repel Missiles    |     1 |       ||     1
       Mephitic Cloud    |     1 |     9 ||    10
       Conjure Flame     |       |     1 ||     1
  Use: Scroll            |     5 |     4 ||     9
       Potion            |     1 |     1 ||     2
  Eat: Chunk             |     5 |     5 ||    10
       Meat ration       |       |     1 ||     1
       Beef jerky        |       |     1 ||     1
       Fruit             |       |     1 ||     1
Armor: Robe              |     1 |     9 ||    10
Dodge: Dodged            |    25 |    21 ||    46
